ESL (28 & UNDER)
MT PLEASANT BEARCATS @ PENQUANNOCK OVERRATED JETER
08/18/2027
 
TOP OF THE 1ST
Mt Pleasant Bearcats batting - Pitching for Penquannock Overrated Jeter : RHP Richard Edwards
Pitching: RHP Richard Edwards
Batting: RHB Jeffrey Hicks 0-0: Foul Ball, location: 2F
0-1: Foul Ball, location: 2F
0-2: Foul Ball, location: 2F
0-2: Ball
1-2: Ground out U3 (Groundball, 34)
Batting: RHB Ryosei Yamamoto 0-0: Ball
1-0: Swinging Strike
1-1: Ball
2-1: Foul Ball, location: 2F
2-2: Ball
3-2: Strikes out swinging
Batting: RHB Ricardo Salazar 0-0: Ball
1-0: Ball
2-0: Called Strike
2-1: Foul Ball, location: 2F
2-2: Strikes out looking
Top of the 1st over - 0 run(s), 0 hit(s), 0 error(s), 0 left on base; Mt Pleasant 0 - Penquannock 0
BOTTOM OF THE 1ST
Penquannock Overrated Jeter batting - Pitching for Mt Pleasant Bearcats : RHP Curt Howard
Pitching: RHP Curt Howard
Batting: RHB Aaron Holt 0-0: Fly out, F6 (Line Drive, 6M)
Batting: RHB António Rodríguez 0-0: Called Strike
0-1: Ball
1-1: Foul Ball, location: 2F
1-2: Foul Ball, location: 2F
1-2: Ground out 5-3 (Groundball, 5D)
Batting: RHB Bernardo Enríquez 0-0: Ball
1-0: Called Strike
1-1: Ground out 4-3 (Groundball, 4)
Bottom of the 1st over - 0 run(s), 0 hit(s), 0 error(s), 0 left on base; Mt Pleasant 0 - Penquannock 0
TOP OF THE 2ND
Mt Pleasant Bearcats batting - Pitching for Penquannock Overrated Jeter : RHP Richard Edwards
Batting: SHB Roberto Rivera 0-0: Ball
1-0: Called Strike
1-1: SINGLE (Line Drive, 78S)
Batting: RHB Irving Galloway 0-0: Called Strike
0-1: Ball
1-1: Fly out, F4 (Popup, 4)
Batting: RHB Tom Hicks 0-0: Ball
1-0: Ball
2-0: Ball
3-0: Base on Balls
Roberto Rivera to second
Batting: LHB Gino Canio 0-0: Called Strike
0-1: Ball
1-1: Foul Ball, location: 2F
1-2: Ball
2-2: Ball
3-2: Base on Balls
Roberto Rivera to third
Tom Hicks to second
Batting: SHB Juan Carlos González 0-0: Ball
1-0: Fielders Choice at 2nd, 4-6 (Groundball, 34)
Roberto Rivera scores
Tom Hicks to third
Batting: RHB Yasutoki Kojima 0-0: Ball
1-0: SINGLE (Groundball, 4MD)
Tom Hicks scores
Juan Carlos González to second
Runner from 2nd tries for 3rd, SAFE, no throw
Batting: RHB Jeffrey Hicks 0-0: Called Strike
0-1: Ball
1-1: SINGLE (Flyball, 9LS)
Juan Carlos González scores
Yasutoki Kojima to second
Runner from 2nd tries for 3rd, SAFE, throw made to third
Pitching: RHP Toshikuni Nishimura
Batting: RHB Ryosei Yamamoto 0-0: Foul Ball, location: 2F
0-1: Ball
1-1: Ball
2-1: Swinging Strike
2-2: Ball
3-2: Base on Balls
Jeffrey Hicks to second
Batting: RHB Ricardo Salazar 0-0: Ball
1-0: Called Strike
1-1: Ball
2-1: Foul Ball, location: 2F
2-2: Fly out, F8 (Flyball, 78D)
Top of the 2nd over - 3 run(s), 3 hit(s), 0 error(s), 3 left on base; Mt Pleasant 3 - Penquannock 0
BOTTOM OF THE 2ND
Penquannock Overrated Jeter batting - Pitching for Mt Pleasant Bearcats : RHP Curt Howard
Batting: RHB José Velásquez 0-0: Foul Ball, location: 2F
0-1: Swinging Strike
0-2: Strikes out swinging
Batting: LHB Pete Weber 0-0: Ball
1-0: SINGLE (Line Drive, 7S)
Batting: LHB Tony Green 0-0: Foul Ball, location: 2F
0-1: Ball
1-1: Called Strike
1-2: Strikes out swinging
Batting: RHB Manny Perea 0-0: Ball
Pete Weber is caught stealing 2nd base
Bottom of the 2nd over - 0 run(s), 1 hit(s), 0 error(s), 0 left on base; Mt Pleasant 3 - Penquannock 0
TOP OF THE 3RD
Mt Pleasant Bearcats batting - Pitching for Penquannock Overrated Jeter : RHP Toshikuni Nishimura
Batting: SHB Roberto Rivera 0-0: Ball
1-0: Ball
2-0: Ball
3-0: Base on Balls
Batting: RHB Irving Galloway 0-0: Foul Ball, location: 2F
0-1: Ball
1-1: Called Strike
1-2: Strikes out swinging
Batting: RHB Tom Hicks 0-0: Ball
1-0: Called Strike
1-1: Called Strike
1-2: Ball
2-2: Ball
3-2: Fly out, F9 (Flyball, 9S)
Batting: LHB Gino Canio 0-0: Ball
1-0: Foul Ball, location: 2F
1-1: Ball
2-1: Called Strike
2-2: Foul Ball, location: 2F
2-2: Strikes out swinging
Top of the 3rd over - 0 run(s), 0 hit(s), 0 error(s), 1 left on base; Mt Pleasant 3 - Penquannock 0
BOTTOM OF THE 3RD
Penquannock Overrated Jeter batting - Pitching for Mt Pleasant Bearcats : RHP Curt Howard
Batting: RHB Manny Perea 0-0: Ball
1-0: Foul Ball, location: 2F
1-1: Ball
2-1: Fly out, F5 (Popup, 5D)
Batting: RHB Armando Pagán 0-0: Ball
1-0: Ball
2-0: Swinging Strike
2-1: Ball
3-1: Base on Balls
Batting: LHB Matt Reese 0-0: Ball
1-0: Called Strike
1-1: Ball
2-1: Foul Ball, location: 2F
2-2: Foul Ball, location: 2F
2-2: Ball
3-2: Foul Ball, location: 2F
3-2: Base on Balls
Armando Pagán to second
Batting: RHB Aaron Holt 0-0: Ball
1-0: Ball
2-0: Ball
3-0: Base on Balls
Armando Pagán to third
Matt Reese to second
Batting: RHB António Rodríguez 0-0: Called Strike
0-1: Ball
1-1: SINGLE (Groundball, 4MD)
Armando Pagán scores
Matt Reese to third
Aaron Holt to second
Runner from 3rd tries for Home, SAFE, no throw
Batting: RHB Bernardo Enríquez 0-0: Ball
1-0: Ball
2-0: Ball
3-0: Base on Balls
Aaron Holt to third
António Rodríguez to second
Batting: RHB José Velásquez 0-0: Grounds into double play, 4-6-3 (Groundball, 4)
Bottom of the 3rd over - 2 run(s), 1 hit(s), 0 error(s), 2 left on base; Mt Pleasant 3 - Penquannock 2
TOP OF THE 4TH
Mt Pleasant Bearcats batting - Pitching for Penquannock Overrated Jeter : RHP Toshikuni Nishimura
Batting: SHB Juan Carlos González 0-0: Called Strike
0-1: Called Strike
0-2: Ball
1-2: Ball
2-2: Ball
3-2: Foul Ball, location: 2F
3-2: Strikes out swinging
Batting: RHB Yasutoki Kojima 0-0: Ball
1-0: SINGLE (Groundball, 34D)
Batting: RHB Jeffrey Hicks 0-0: SINGLE (Line Drive, 4D)
Yasutoki Kojima to second
Batting: RHB Ryosei Yamamoto 0-0: Called Strike
0-1: Foul Ball, location: 2F
0-2: Ball
1-2: Strikes out swinging
Pitching: LHP Héctor Díaz
Batting: RHB Ricardo Salazar 0-0: Ball
1-0: Swinging Strike
1-1: Foul Ball, location: 2F
1-2: Ball
2-2: Fielders Choice at 2nd, 6-4 (Groundball, 6)
Top of the 4th over - 0 run(s), 2 hit(s), 0 error(s), 1 left on base; Mt Pleasant 3 - Penquannock 2
BOTTOM OF THE 4TH
Penquannock Overrated Jeter batting - Pitching for Mt Pleasant Bearcats : RHP Curt Howard
Batting: LHB Pete Weber 0-0: Ball
1-0: Ball
2-0: SINGLE (Groundball, 4D)
Batting: LHB Tony Green 0-0: Ball
1-0: Called Strike
1-1: Ball
2-1: Foul Ball, location: 2F
2-2: Fly out, F9 (Flyball, 89M)
Batting: RHB Manny Perea 0-0: Ball
1-0: Called Strike
1-1: Foul Ball, location: 2F
1-2: Ball
2-2: Fly out, F7 (Flyball, 78D)
Batting: RHB Armando Pagán 0-0: Fly out, F6 (Line Drive, 56D)
Bottom of the 4th over - 0 run(s), 1 hit(s), 0 error(s), 1 left on base; Mt Pleasant 3 - Penquannock 2
TOP OF THE 5TH
Mt Pleasant Bearcats batting - Pitching for Penquannock Overrated Jeter : LHP Héctor Díaz
Batting: SHB Roberto Rivera 0-0: Called Strike
0-1: Ball
1-1: Called Strike
1-2: Strikes out swinging
Batting: RHB Irving Galloway 0-0: Ball
1-0: Swinging Strike
1-1: Ball
2-1: Ball
3-1: Base on Balls
Batting: RHB Tom Hicks 0-0: Ball
1-0: Called Strike
1-1: Ball
2-1: Swinging Strike
2-2: Ball
3-2: Foul Ball, location: 2F
3-2: Foul Ball, location: 2F
3-2: Strikes out looking
Pitching: RHP Joaquín Rojas
Batting: LHB Gino Canio 0-0: Ball
1-0: Ball
2-0: Ground out 4-3 (Groundball, 4MD)
Top of the 5th over - 0 run(s), 0 hit(s), 0 error(s), 1 left on base; Mt Pleasant 3 - Penquannock 2
BOTTOM OF THE 5TH
Penquannock Overrated Jeter batting - Pitching for Mt Pleasant Bearcats : RHP Curt Howard
Batting: LHB Matt Reese 0-0: Ball
1-0: Foul Ball, location: 2F
1-1: Ground out 5-3 (Groundball, 56S)
Batting: RHB Aaron Holt 0-0: Ground out 5-3 (Groundball, 56)
Batting: RHB António Rodríguez 0-0: Ball
1-0: Foul Ball, location: 2F
1-1: Ball
2-1: Called Strike
2-2: Ground out 6-3 (Groundball, 6)
Bottom of the 5th over - 0 run(s), 0 hit(s), 0 error(s), 0 left on base; Mt Pleasant 3 - Penquannock 2
TOP OF THE 6TH
Mt Pleasant Bearcats batting - Pitching for Penquannock Overrated Jeter : RHP Joaquín Rojas
Batting: SHB Juan Carlos González 0-0: Foul Ball, location: 2F
0-1: Ball
1-1: Called Strike
1-2: Ball
2-2: Strikes out swinging
Batting: RHB Yasutoki Kojima 0-0: Fly out, F8 (Line Drive, 8LD)
Batting: RHB Jeffrey Hicks 0-0: Ball
1-0: Ball
2-0: SINGLE (Groundball, 3D)
Batting: RHB Ryosei Yamamoto 0-0: Ball
1-0: Called Strike
Jeffrey Hicks steals 2nd base
1-1: Called Strike
1-2: Ball
2-2: Strikes out swinging
Top of the 6th over - 0 run(s), 1 hit(s), 0 error(s), 1 left on base; Mt Pleasant 3 - Penquannock 2
BOTTOM OF THE 6TH
Penquannock Overrated Jeter batting - Pitching for Mt Pleasant Bearcats : RHP Curt Howard
Batting: RHB Bernardo Enríquez 0-0: Swinging Strike
0-1: Fly out, F2 (Popup, 3S)
Batting: RHB José Velásquez 0-0: Fly out, F8 (Line Drive, 8RM)
Now in CF: Juan Trujillo
Batting: LHB Pete Weber 0-0: Ball
1-0: Fly out, F9 (Flyball, 9)
Bottom of the 6th over - 0 run(s), 0 hit(s), 0 error(s), 0 left on base; Mt Pleasant 3 - Penquannock 2
TOP OF THE 7TH
Mt Pleasant Bearcats batting - Pitching for Penquannock Overrated Jeter : RHP Joaquín Rojas
Batting: RHB Juan Trujillo 0-0: Called Strike
0-1: Called Strike
0-2: Ball
1-2: Ball
2-2: Ground out 6-3 (Groundball, 6M)
Batting: SHB Roberto Rivera 0-0: Called Strike
0-1: Ball
1-1: Foul Ball, location: 2F
1-2: Ball
2-2: Fly out, F4 (Line Drive, 4)
Pitching: RHP Javier González
Batting: RHB Irving Galloway 0-0: Foul Ball, location: 2F
0-1: Foul Ball, location: 2F
0-2: Strikes out swinging
Top of the 7th over - 0 run(s), 0 hit(s), 0 error(s), 0 left on base; Mt Pleasant 3 - Penquannock 2
BOTTOM OF THE 7TH
Penquannock Overrated Jeter batting - Pitching for Mt Pleasant Bearcats : RHP Curt Howard
Batting: LHB Tony Green 0-0: Foul Ball, location: 2F
0-1: Ground out U3 (Groundball, 3L)
Batting: RHB Manny Perea 0-0: Ball
1-0: Foul Ball, location: 2F
1-1: Foul Ball, location: 2F
1-2: Strikes out swinging
Batting: RHB Armando Pagán 0-0: Swinging Strike
0-1: Called Strike
0-2: Ball
1-2: Ball
2-2: Ball
3-2: Fly out, F2 (Popup, 2R)
Bottom of the 7th over - 0 run(s), 0 hit(s), 0 error(s), 0 left on base; Mt Pleasant 3 - Penquannock 2
TOP OF THE 8TH
Mt Pleasant Bearcats batting - Pitching for Penquannock Overrated Jeter : RHP Javier González
Batting: RHB Tom Hicks 0-0: SINGLE (Flyball, 4MD)
Batting: LHB Gino Canio 0-0: Foul Ball, location: 2F
0-1: Swinging Strike
0-2: Ball
Pickoff Throw to First - Out!
1-2: Foul Ball, location: 2F
1-2: Strikes out swinging
Batting: SHB Juan Carlos González 0-0: Called Strike
0-1: Fly out, F8 (Flyball, 8RD)
Top of the 8th over - 0 run(s), 1 hit(s), 0 error(s), 0 left on base; Mt Pleasant 3 - Penquannock 2
BOTTOM OF THE 8TH
Penquannock Overrated Jeter batting - Pitching for Mt Pleasant Bearcats : RHP Curt Howard
Pitching: LHP Bob Quested
Batting: LHB Matt Reese 0-0: Called Strike
0-1: Swinging Strike
0-2: Strikes out looking
Batting: RHB Aaron Holt 0-0: Called Strike
0-1: Ball
1-1: Ball
2-1: Fly out, F7 (Line Drive, 7)
Batting: RHB António Rodríguez 0-0: Called Strike
0-1: Foul Ball, location: 2F
0-2: DOUBLE (Groundball, 5L)
Batting: RHB Bernardo Enríquez 0-0: Called Strike
0-1: Ball
1-1: Ball
2-1: Foul Ball, location: 2F
2-2: Ground out 6-3 (Groundball, 6)
Bottom of the 8th over - 0 run(s), 1 hit(s), 0 error(s), 1 left on base; Mt Pleasant 3 - Penquannock 2
TOP OF THE 9TH
Mt Pleasant Bearcats batting - Pitching for Penquannock Overrated Jeter : RHP Javier González
Pitching: RHP John Kelly
Batting: RHB Yasutoki Kojima 0-0: Ball
1-0: SINGLE (Groundball, 6D)
Batting: RHB Jeffrey Hicks 0-0: Ball
1-0: Swinging Strike
1-1: Ball
2-1: Foul Ball, location: 2F
2-2: Ball
3-2: Foul Ball, location: 2F
3-2: Strikes out swinging
Yasutoki Kojima steals 2nd base
Batter strikes out.
Batting: RHB Ryosei Yamamoto 0-0: Intentional Walk
Pinch Hitting: RHB Ichizo Akiyama 0-0: Called Strike
0-1: Ball
1-1: Fly out, F8 (Flyball, 8RS)
Batting: SHB Roberto Rivera 0-0: Called Strike
0-1: Swinging Strike
0-2: DOUBLE (Line Drive, 78D)
Yasutoki Kojima scores
Ryosei Yamamoto to third
Runner from 3rd tries for Home, SAFE, no throw
Batting: RHB Irving Galloway 0-0: Called Strike
0-1: Called Strike
0-2: Ball
1-2: Fly out, F8 (Flyball, 8RD)
Top of the 9th over - 2 run(s), 2 hit(s), 0 error(s), 1 left on base; Mt Pleasant 5 - Penquannock 2
BOTTOM OF THE 9TH
Penquannock Overrated Jeter batting - Pitching for Mt Pleasant Bearcats : LHP Bob Quested
Pitching: RHP Bill Sampson
Now in LF: Ichizo Akiyama
Batting: RHB José Velásquez 0-0: Called Strike
0-1: Ball
1-1: Swinging Strike
1-2: Ball
2-2: Ground out 5-3 (Groundball, 5L)
Batting: LHB Pete Weber 0-0: Ball
1-0: SINGLE (Groundball, 4MD)
Batting: LHB Tony Green 0-0: Foul Ball, location: 2F
0-1: Ball
1-1: Ball
2-1: Swinging Strike
2-2: Ball
3-2: Strikes out swinging
Batting: RHB Manny Perea 0-0: Foul Ball, location: 2F
0-1: Foul Ball, location: 2F
0-2: Ground out 6-3 (Groundball, 6)
Bottom of the 9th over - 0 run(s), 1 hit(s), 0 error(s), 1 left on base; Mt Pleasant 5 - Penquannock 2
Thursday, March 30th, 2017 - OOTP Baseball 17.12 Build 75